Map: [ESL] Goldenaura

Players

Cham - Winner!

  • Race: Zerg Zerg
  • Spawn Location: 5:00

Future

  • Race: Terran Terran
  • Spawn Location: 12:00

Event: ESL SC2 Masters 2023 Winter (Finals)

VOD

Have the link to the VOD?

Description

Time

  • Played on: Dec. 15, 2023, 3:13 p.m.
  • Length: 18:46

All games in this series

Show
View Real Time Build Order
Export as new Build Order

Cham Zerg - Winner!

Build Orders: Hatch First, Brood Lord Corruptor 

Get SALT Encoding   

  12  0:00  Drone  
  13  0:12  Overlord  
  13  0:19  Drone  
  14  0:30  Drone x2  
  16  0:49  Hatchery  
  15  0:51  Drone  
  15  0:54  Drone  
  17  0:59  Drone  
  18  1:12  Spawning Pool  
  18  1:13  Extractor  
  18  1:17  Drone  
  17  1:20  Drone  
  18  1:27  Drone  
  19  1:39  Drone  
  20  1:49  Drone  
  21  2:00  Queen x2  
  25  2:01  Zergling x4  
  27  2:11  Overlord  
  27  2:20  Hatchery  
  26  2:27  Drone x2  
  28  2:32  Drone  
  28  2:36  Drone  
  30  2:39  Queen  
  30  2:43  Overlord  
  32  2:46  Drone  
  32  2:50  Metabolic Boost  
  33  2:54  Drone  
  33  2:57  Drone  
  33  2:58  Drone  
  36  3:06  Drone x2  
  36  3:10  Drone x2  
  36  3:11  Drone  
  41  3:14  Overlord  
  41  3:19  Queen  
  43  3:27  Overlord  
  43  3:29  Drone  
  43  3:38  Queen  
  43  3:39  Queen  
  43  3:40  Drone  
  49  3:41  Drone x3  
  51  3:50  Drone  
  51  3:51  Zergling x4  
  51  3:54  Drone x3  
  57  3:55  Queen  
  57  4:00  Overlord  
  59  4:04  Overlord  
  59  4:06  Drone x2  
  59  4:08  Drone  
  62  4:15  Queen  
  64  4:17  Queen  
  64  4:19  Zergling x4  
  64  4:20  Zergling x2  
  64  4:21  Drone  
  70  4:24  Drone  
  70  4:27  Drone  
  70  4:28  Drone x3  
  70  4:29  Drone  
  70  4:30  Drone  
  77  4:32  Drone  
  77  4:37  Lair  
  77  4:38  Extractor, Spore Crawler  
  77  4:40  Spore Crawler  
  77  4:41  Spore Crawler  
  77  4:42  Zergling x2  
  75  4:48  Drone, Roach Warren  
  75  4:49  Drone  
  75  4:51  Drone x2  
  78  4:57  Drone x2  
  78  4:58  Drone  
  78  4:59  Overlord  
  81  5:01  Drone  
  81  5:03  Extractor  
  81  5:04  Extractor  
  81  5:06  Extractor  
  79  5:09  Drone x2  
  79  5:12  Overlord  
  79  5:13  Drone  
  82  5:14  Overlord  
  82  5:17  Spore Crawler  
  82  5:20  Drone x2  
  82  5:21  Evolution Chamber  
  81  5:22  Evolution Chamber  
  81  5:23  Drone x2  
  81  5:28  Drone x3  
  81  5:29  Drone  
  81  5:31  Overlord  
  81  5:35  Hatchery  
  83  5:40  Drone  
  83  5:41  Drone x2  
  86  5:44  Glial Reconstitution  
  86  5:45  Overlord  
  86  5:53  Roach  
  86  5:54  Roach x5  
  99  5:57  Drone  
  99  5:59  Extractor  
  99  6:01  Drone x3  
  100  6:06  Zerg Missile Weapons Level 1, Zerg Ground Armor Level 1  
  100  6:08  Roach x2  
  104  6:12  Overlord  
  104  6:13  Roach  
  106  6:18  Roach  
  106  6:19  Roach x2  
  106  6:21  Overlord  
  106  6:23  Overlord  
  112  6:26  Overlord  
  112  6:28  Roach x2  
  112  6:31  Roach x2  
  120  6:34  Overseer  
  120  6:38  Roach x2  
  124  6:41  Drone  
  124  6:45  Overlord  
  124  6:46  Drone  
  126  6:48  Roach  
  126  6:50  Overseer  
  126  6:52  Overlord  
  128  6:56  Overlord  
  128  6:58  Ravager  
  128  6:59  Ravager x3  
  132  7:02  Drone x2  
  132  7:03  Roach  
  132  7:08  Roach x4  
  142  7:11  Ravager x2  
  142  7:13  Roach x3  
  142  7:14  Roach x2  
  156  7:18  Zergling x4, Roach x2  
  162  7:26  Zergling x2, Roach x2  
  162  7:27  Zergling x2  
  162  7:39  Roach  
  162  7:40  Roach x10  
  181  7:46  Roach  
  181  7:49  Overlord x2  
  181  7:50  Overlord x2  
  180  7:59  Roach x3  
  152  8:12  Drone  
  152  8:13  Drone x10, Roach x2  
  142  8:20  Infestation Pit  
  142  8:21  Zerg Ground Armor Level 2, Zerg Missile Weapons Level 2  
  142  8:23  Drone x2  
  141  8:27  Roach x2  
  141  8:28  Zergling x6, Roach  
  148  8:36  Extractor  
  148  8:37  Extractor  
  148  8:38  Spore Crawler  
  148  8:40  Hatchery  
  144  8:48  Infestation Pit, Roach x4  
  151  8:50  Ravager x2  
  151  8:51  Ravager  
  154  8:56  Infestor  
  154  8:59  Hive  
  154  9:02  Overlord  
  157  9:07  Ravager  
  157  9:09  Zergling x30  
  173  9:11  Overlord  
  173  9:16  Zergling x4  
  175  9:24  Infestor x2, Baneling Nest  
  175  9:26  Roach  
  175  9:27  Roach x4  
  188  9:35  Overlord  
  188  9:45  Drone x4  
  191  9:46  Spire  
  191  9:51  Zergling x24  
  193  10:07  Zergling x12, Hatchery  
  193  10:08  Zergling x2  
  193  10:10  Centrifugal Hooks  
  199  10:18  Overlord  
  199  10:32  Pneumatized Carapace, Overseer  
  169  10:55  Hatchery  
  161  10:57  Baneling x2  
  161  10:58  Drone x2  
  161  11:00  Extractor  
  161  11:03  Extractor  
  161  11:04  Greater Spire  
  161  11:07  Corruptor  
  161  11:08  Corruptor x13  
  161  11:11  Drone x2  
  191  11:15  Hydralisk Den  
  189  11:33  Zerg Ground Armor Level 3  
  189  11:34  Zerg Missile Weapons Level 3  
  189  11:39  Zergling x2  
  190  11:40  Zergling x16  
  198  11:51  Baneling  
  198  11:52  Baneling x5  
  195  12:04  Baneling x4  
  192  12:11  Baneling  
  192  12:15  Brood Lord x5  
  200  12:21  Grooved Spines  
  200  12:22  Zerg Flyer Weapons Level 1  
  197  12:36  Brood Lord x2  
  173  12:41  Brood Lord  
  156  12:49  Roach  
  156  12:50  Roach x10  
  158  12:53  Hydralisk x2  
  158  12:55  Zergling x10  
  156  13:00  Hydralisk x2  
  156  13:01  Hatchery  
  159  13:12  Muscular Augments  
  157  13:13  Brood Lord  
  157  13:15  Infestor  
  157  13:16  Hydralisk x2  
  157  13:18  Zergling x2  
  166  13:26  Drone  
  166  13:34  Hydralisk x2  
  165  13:35  Infestor  
  165  13:37  Ravager  
  165  13:38  Drone x2  
  174  13:42  Overlord  
  174  13:43  Hatchery  
  174  13:44  Hydralisk x5  
  174  13:46  Overseer  
  183  13:48  Baneling x2  
  183  13:49  Baneling x2  
  183  14:02  Hydralisk  
  183  14:03  Hydralisk x4  
  183  14:05  Baneling x3  
  183  14:08  Drone  
  194  14:16  Overlord x3  
  194  14:17  Overlord  
  194  14:27  Zerg Flyer Armor Level 1  
  194  14:28  Zerg Melee Weapons Level 1  
  194  14:29  Corruptor x2  
  200  14:50  Overseer  
  200  14:51  Overseer  
  164  15:11  Corruptor x2, Brood Lord x3  
  164  15:12  Zergling x22  
  164  15:13  Zergling x22  
  186  15:21  Brood Lord  
  186  15:23  Drone x2  
  188  15:35  Infestor x2  
  188  15:37  Zergling x14  
  188  15:38  Baneling  
  188  15:39  Baneling x7  
  199  15:48  Baneling  
  199  15:49  Baneling x5  
  199  15:53  Overseer  
  194  16:07  Baneling x7  
  194  16:08  Zergling x2  
  194  16:09  Zergling x6  
  194  16:10  Zergling x2  
  194  16:11  Baneling x4  
  199  16:17  Zergling x2  
  198  16:21  Zerg Flyer Weapons Level 2  
  198  16:22  Zergling x2  
  198  16:23  Zergling x4  
  198  16:25  Zergling x16  
  175  16:29  Hydralisk x11  
  189  16:33  Drone  
  189  16:37  Hydralisk x2  
  189  16:38  Hydralisk  
  196  16:44  Hydralisk  
  198  16:56  Baneling x2  
  198  16:57  Zergling x2, Baneling  
  198  16:58  Infestor  
  198  16:59  Zergling x2  
  198  17:04  Hydralisk  
  198  17:05  Hydralisk  
  188  17:08  Hydralisk  
  188  17:09  Hydralisk x3  
  188  17:10  Zergling x4  
  188  17:11  Zergling x4  
  200  17:20  Overlord  
  199  17:25  Overlord  
  179  17:40  Hatchery  
  179  17:42  Zergling x36  
  167  17:53  Zergling x4  
  169  17:59  Drone x4  
  169  18:00  Drone x2  
  169  18:01  Spine Crawler  
  169  18:03  Corruptor  
  169  18:04  Spore Crawler, Spine Crawler  
  174  18:10  Baneling x10  
  174  18:11  Zergling x2, Baneling x5  
  174  18:12  Zergling x10  
  180  18:16  Zergling x4  
  180  18:18  Zergling x2  
  180  18:21  Zergling x4  
  180  18:22  Zergling x2  
  180  18:26  Zergling x2  
  176  18:28  Zergling x2  
  176  18:29  Zergling x2  
Show
View Real Time Build Order
Export as new Build Order

Future Terran 

Build Orders: Reaper Expand, Hellion Banshee 

Get SALT Encoding   

  12  0:00  SCV  
  13  0:12  SCV  
  14  0:17  Supply Depot  
  14  0:24  SCV  
  15  0:38  SCV  
  15  0:39  Barracks  
  16  0:43  Refinery  
  16  0:50  SCV  
  17  1:02  SCV  
  18  1:14  SCV  
  19  1:27  Orbital Command, Reaper  
  20  1:39  Command Center  
  20  1:48  Supply Depot  
  20  1:52  SCV  
  21  1:58  Marine  
  22  2:04  SCV  
  22  2:07  Factory  
  23  2:16  SCV  
  23  2:21  Barracks Reactor  
  24  2:28  SCV  
  25  2:37  Command Center  
  25  2:40  SCV  
  26  2:53  Orbital Command  
  26  2:54  SCV  
  27  2:58  Starport  
  27  3:02  Refinery  
  27  3:06  SCV  
  28  3:13  Hellion  
  28  3:14  Hellion  
  28  3:18  SCV  
  33  3:20  SCV  
  33  3:23  Barracks Tech Lab  
  34  3:30  SCV  
  34  3:32  SCV  
  36  3:35  Hellion x2  
  40  3:42  SCV  
  40  3:44  SCV  
  42  3:49  Orbital Command  
  42  3:51  Cloaking Field  
  42  3:54  SCV  
  42  3:55  Banshee  
  43  3:56  SCV  
  43  4:02  Hellion x2  
  51  4:06  SCV  
  51  4:08  SCV  
  53  4:11  Supply Depot  
  53  4:13  Barracks Tech Lab  
  53  4:18  SCV  
  53  4:19  Orbital Command  
  53  4:20  SCV  
  55  4:25  Hellion x2  
  55  4:28  Supply Depot  
  59  4:32  SCV  
  59  4:33  Stimpack, Marine, SCV  
  59  4:37  Supply Depot  
  62  4:40  Banshee  
  62  4:44  SCV  
  62  4:45  SCV  
  67  4:48  Barracks x2  
  67  4:54  Supply Depot, Engineering Bay  
  67  4:55  SCV, Engineering Bay  
  67  4:56  SCV  
  67  4:57  SCV  
  70  5:00  Factory Reactor  
  70  5:01  Marine  
  70  5:04  Refinery  
  70  5:07  SCV, Refinery  
  71  5:08  SCV  
  71  5:09  SCV  
  74  5:22  SCV x2  
  74  5:23  Marine, SCV  
  76  5:33  Starport Reactor  
  76  5:34  SCV  
  76  5:35  Terran Infantry Weapons Level 1, Terran Infantry Armor Level 1  
  73  5:38  Barracks  
  73  5:39  Barracks  
  73  5:41  SCV x2  
  75  5:46  SCV  
  75  5:48  Marine x5  
  84  5:50  Siege Tank, Supply Depot x2  
  84  5:53  SCV x2  
  86  5:58  SCV  
  86  6:03  Supply Depot  
  87  6:04  Armory  
  87  6:05  Marine  
  87  6:06  Marine  
  87  6:10  Marine x3  
  92  6:12  SCV x3  
  92  6:17  Combat Shield  
  95  6:22  Siege Tank  
  95  6:24  SCV x3  
  101  6:28  Barracks Reactor  
  101  6:29  Barracks Reactor, Marine  
  101  6:30  Marine  
  103  6:34  Supply Depot  
  103  6:36  Marine, SCV x2  
  103  6:37  Marine x2  
  103  6:38  Medivac  
  110  6:40  Medivac, SCV  
  110  6:43  Supply Depot  
  110  6:46  Refinery x2  
  113  6:48  Marine  
  113  6:51  Marine  
  113  6:52  Supply Depot  
  115  6:54  Marine  
  115  6:56  Siege Tank, Supply Depot  
  115  6:57  Marine  
  120  7:02  Marine  
  120  7:07  Marine  
  122  7:08  Medivac, Supply Depot  
  122  7:11  Marine x2  
  122  7:12  Marine x4  
  122  7:15  Marine  
  131  7:19  Medivac  
  131  7:20  Marine  
  134  7:25  Marine  
  134  7:28  Siege Tank, Supply Depot  
  134  7:29  Marine x4  
  140  7:34  Marine x3  
  137  7:38  Marine  
  137  7:43  Marine  
  123  7:44  Terran Vehicle Weapons Level 1  
  123  7:46  Marine  
  123  7:47  Marine x2  
  123  7:51  Factory, Marine  
  126  7:52  Marine  
  126  7:56  Marauder  
  126  7:58  Command Center  
  128  8:00  Siege Tank  
  128  8:04  Marine x2  
  130  8:07  Marine x2  
  130  8:08  Marine  
  130  8:09  Marine  
  130  8:12  Marine  
  124  8:16  Marine  
  124  8:18  Marauder  
  118  8:22  Marine x2  
  118  8:25  Marine x2  
  118  8:26  SCV x2  
  124  8:31  Terran Infantry Weapons Level 2, Terran Infantry Armor Level 2  
  124  8:32  Siege Tank  
  127  8:35  SCV  
  127  8:38  SCV  
  127  8:39  Marauder, Concussive Shells  
  127  8:40  Sensor Tower  
  131  8:52  Factory Tech Lab  
  131  8:53  Marine  
  131  8:54  Missile Turret, Marine x7  
  139  8:56  Missile Turret  
  139  9:00  Marauder, Medivac x2  
  139  9:02  SCV  
  146  9:04  SCV  
  146  9:05  SCV  
  146  9:08  Supply Depot  
  146  9:09  Siege Tank, Sensor Tower, Supply Depot  
  151  9:11  Marine  
  151  9:12  Marine  
  151  9:13  Siege Tank  
  156  9:20  SCV x2  
  156  9:21  Marine x4, SCV  
  156  9:22  Marine, Marauder  
  166  9:30  Supply Depot  
  166  9:31  Supply Depot  
  166  9:32  Medivac x2  
  166  9:37  Marine x2  
  172  9:43  Marauder  
  174  9:49  Barracks, Marine  
  174  9:50  Barracks  
  174  9:54  Siege Tank x2  
  174  9:56  Barracks  
  174  9:59  Marine  
  166  10:00  Marine x5  
  166  10:03  Planetary Fortress  
  166  10:05  Marauder  
  174  10:09  Marine  
  175  10:17  Marine x2  
  175  10:19  Marine x2  
  179  10:26  Siege Tank x2, Marine x3, Marauder  
  179  10:27  Marine  
  191  10:30  Refinery  
  191  10:31  Refinery  
  191  10:34  Marine  
  191  10:35  Marine  
  191  10:36  Marine  
  191  10:37  Barracks Tech Lab x2, Marine  
  194  10:47  Marauder  
  178  10:54  Marine  
  178  10:55  Marine  
  178  10:56  Marine x2  
  157  10:57  Barracks Tech Lab  
  157  10:58  Siege Tank  
  157  11:03  Marauder, Marine  
  157  11:04  Marauder  
  165  11:05  Siege Tank  
  165  11:07  Marine x2  
  165  11:08  Marine  
  165  11:09  Marauder, Ghost Academy  
  173  11:12  Marine  
  173  11:18  Medivac x2  
  178  11:22  Command Center, Marine x2  
  178  11:23  Marauder  
  178  11:25  Marauder x2  
  186  11:26  Marine  
  186  11:30  Siege Tank, Marauder  
  192  11:39  Siege Tank  
  195  11:40  Personal Cloaking  
  195  11:44  Marauder  
  195  11:46  Marauder  
  199  11:50  Terran Infantry Weapons Level 3  
  199  11:51  Terran Infantry Armor Level 3  
  198  12:03  Marauder x2  
  198  12:04  Medivac  
  198  12:05  Marauder  
  200  12:23  Command Center  
  200  12:24  Command Center  
  200  12:27  Refinery  
  200  12:33  Marauder  
  200  12:34  Marine x4, Marauder  
  195  12:37  Medivac x2  
  195  12:40  Marauder  
  195  12:41  Marine  
  195  12:42  Marine x3  
  197  12:49  Marauder  
  179  12:54  Ghost x2  
  166  12:59  Thor  
  166  13:02  Thor  
  171  13:07  Viking x2  
  171  13:10  Ghost x2  
  179  13:16  Terran Vehicle Weapons Level 2  
  178  13:23  Planetary Fortress  
  178  13:24  SCV x2  
  178  13:25  SCV x2  
  182  13:32  Ghost  
  181  13:37  Viking x2  
  181  13:38  Orbital Command  
  181  13:41  Orbital Command  
  185  13:49  Thor  
  185  13:52  Thor  
  197  14:01  Refinery  
  197  14:02  Nuke  
  197  14:10  Missile Turret  
  197  14:22  Command Center  
  197  14:25  Fusion Core  
  197  14:26  Starport  
  197  14:27  Hi-Sec Auto Tracking  
  197  14:28  Neosteel Armor  
  197  14:37  Viking  
  198  15:04  Thor x2  
  175  15:07  Viking  
  175  15:11  Viking, Starport Reactor  
  175  15:13  Ghost x3  
  172  15:14  Ghost  
  174  15:29  Advanced Ballistics  
  174  15:32  Armory  
  174  15:38  Missile Turret  
  174  15:40  Factory  
  174  15:41  Factory, Sensor Tower  
  174  15:46  Thor x2  
  174  15:49  Viking x3  
  192  15:50  Viking  
  194  16:19  Viking x3  
  194  16:23  Viking  
  163  16:30  Thor x2  
  141  16:33  Ghost x3  
  143  16:40  Marine x6  
  143  16:41  Marine  
  143  16:43  Marine  
  139  16:49  Viking x2  
  139  16:50  Hellion  
  139  16:51  Viking, Hellion  
  139  16:53  Marine  
  149  16:58  Marine  
  149  16:59  Marine x2  
  149  17:00  Marine x4  
  146  17:09  Ghost x2  
  146  17:12  Marine x2  
  149  17:19  Marine x8  
  154  17:30  Marine x2  
  141  17:37  Marine x7  
  141  17:38  Marine, Marauder x2  
  141  17:40  Siege Tank  
  141  17:43  Siege Tank  
  119  17:48  Marine x2  
  114  17:55  Medivac x3, Marine x5  
  125  18:03  Marine, Marauder x2  
  120  18:09  Hellion x2  
  120  18:12  Siege Tank  
  129  18:24  Marauder x3, Marine x9  
Tags
 
Add a new tag
Caveats
  • Supply blocks, unpowered buildings, or Contaminate may cause inaccurate times.
  • Supply counts are checked every 10 seconds.